Map: Ulrena

Players

Roark

  • Race: Protoss Protoss
  • League: Silver

Burt - Winner!

  • Race: Terran Terran
  • League: Platinum

VOD

Have the link to the VOD?

Description

Time

  • Played on: Dec. 19, 2015, 2:52 p.m.
  • Length: 14:20
Show
View Real Time Build Order
Export as new Build Order

Roark Protoss 

Build Orders: Oracle Opening 

Get SALT Encoding   

  12  0:02  Probe (Chrono Boost)  
  13  0:14  Pylon  
  13  0:19  Probe (Chrono Boost)  
  14  0:29  Probe (Chrono Boost)  
  15  0:39  Gateway  
  15  0:41  Probe (Chrono Boost)  
  16  0:50  Assimilator  
  16  0:52  Probe (Chrono Boost)  
  16  0:56  Assimilator  
  17  1:02  Probe (Chrono Boost)  
  18  1:13  Probe (Chrono Boost)  
  19  1:23  Probe (Chrono Boost)  
  20  1:28  Cybernetics Core  
  20  1:32  Pylon  
  20  1:34  Probe (Chrono Boost)  
  21  1:44  Probe (Chrono Boost)  
  22  1:55  Probe (Chrono Boost)  
  23  2:04  Adept (Chrono Boost)  
  23  2:05  Probe (Chrono Boost)  
  23  2:06  Warp Gate (Chrono Boost)  
  26  2:14  Stargate  
  26  2:22  Pylon  
  26  2:29  Adept (Chrono Boost)  
  28  2:47  Nexus  
  28  2:52  Mothership Core  
  30  3:08  Oracle (Chrono Boost)  
  33  3:26  Pylon  
  29  4:15  Void Ray (Chrono Boost)  
  29  4:16  Robotics Facility  
  33  4:20  Probe  
  33  4:21  Probe  
  35  4:30  Probe  
  35  4:33  Probe  
  35  4:34  Gateway  
  35  4:37  Gateway  
  37  4:38  Gateway  
  37  4:41  Probe, Gateway  
  37  4:45  Gateway  
  38  4:51  Probe  
  38  4:52  Probe  
  40  5:03  Probe  
  40  5:05  Probe  
  39  5:13  Assimilator  
  39  5:15  Void Ray (Chrono Boost)  
  39  5:16  Assimilator  
  39  5:18  Probe  
  39  5:19  Probe, Pylon  
  45  5:26  Observer (Chrono Boost)  
  46  5:29  Probe  
  46  5:32  Probe  
  48  5:39  Probe  
  49  5:45  Immortal (Chrono Boost)  
  49  5:47  Adept  
  49  5:48  Adept x2  
  59  5:50  Adept  
  59  5:53  Adept  
  63  6:12  Void Ray (Chrono Boost)  
  63  6:17  Adept  
  69  6:36  Pylon  
  69  6:39  Pylon  
  67  6:48  Immortal  
  69  7:00  Stalker x4  
  69  7:01  Pylon x2  
  60  7:24  Stalker  
  60  7:25  Stalker x3  
  60  7:28  Observer  
  63  7:39  Adept x2  
  52  7:53  Adept x3  
  52  7:54  Adept  
  58  8:06  Adept x2  
  48  8:20  Adept x3  
  48  8:21  Adept  
  48  8:26  Probe  
  55  8:27  Probe  
  55  8:30  Adept  
  55  8:31  Adept  
  61  8:36  Probe  
  61  8:39  Probe  
  63  8:42  Stalker x2  
  63  8:47  Zealot x2  
  57  9:12  Adept x6  
  69  9:17  Probe  
  69  9:19  Probe  
  63  9:28  Probe  
  63  9:31  Probe  
  61  9:34  Stalker x2  
  61  9:35  Stalker  
  67  9:38  Probe  
  67  9:43  Probe  
  61  9:53  Stalker x2  
  61  9:55  Probe  
  61  9:58  Phoenix (Chrono Boost)  
  68  10:03  Mothership Core  
  70  10:07  Probe  
  71  10:18  Pylon  
  53  10:56  Nexus  
  53  10:57  Probe  
  53  10:58  Probe  
  55  11:08  Stalker x2  
  55  11:09  Stalker x2  
  55  11:10  Probe  
  64  11:29  Adept x2  
  68  11:34  Twilight Council, Observer (Chrono Boost)  
  69  11:54  Immortal (Chrono Boost)  
  73  11:57  Adept x3  
  73  11:58  Adept  
  81  12:16  Templar Archives  
  81  12:27  Probe x2  
  83  12:32  Adept  
  83  12:33  Adept  
  87  12:39  Assimilator  
  87  12:42  Pylon, Assimilator  
  87  12:45  Pylon  
  87  13:00  Psionic Storm  
  87  13:10  High Templar x5  
  87  13:11  High Templar  
  99  13:21  Probe x2  
  101  13:44  Forge  
  101  13:46  Archon  
  101  13:47  Archon x2  
  105  13:52  Stalker x4  
  105  13:53  Stalker  
Show
View Real Time Build Order
Export as new Build Order

Burt Terran - Winner!

Build Orders: 1/1/1, Cyclone Opening 

Get SALT Encoding   

  12  0:01  SCV  
  13  0:13  SCV  
  14  0:17  Supply Depot  
  14  0:25  SCV  
  15  0:30  Refinery  
  15  0:39  SCV  
  16  0:45  Barracks  
  16  0:51  SCV  
  17  0:59  Supply Depot  
  17  1:03  SCV  
  18  1:15  SCV  
  19  1:32  Orbital Command  
  19  1:38  Factory, Marine  
  20  1:47  Refinery  
  20  1:59  SCV  
  21  2:09  Barracks Reactor  
  21  2:11  SCV  
  22  2:22  Factory Tech Lab  
  22  2:23  SCV  
  22  2:29  Starport  
  23  2:35  SCV  
  24  2:47  SCV  
  24  2:48  Marine x2  
  27  2:56  Command Center  
  27  2:59  Cyclone  
  27  3:01  SCV  
  31  3:17  Marine  
  31  3:26  Supply Depot  
  31  3:35  Supply Depot  
  31  3:47  SCV, Medivac, Marine  
  35  3:59  SCV  
  31  4:09  Orbital Command  
  30  4:12  SCV  
  34  4:17  Marine x2  
  34  4:20  Medivac  
  34  4:24  SCV  
  39  4:25  Siege Tank  
  39  4:36  SCV, Engineering Bay  
  39  4:38  Marine x2  
  42  4:41  SCV  
  43  4:48  SCV  
  44  4:53  SCV  
  44  4:54  Liberator  
  44  4:56  Marine x2  
  46  5:00  SCV  
  46  5:05  SCV  
  48  5:09  Missile Turret  
  48  5:12  SCV  
  52  5:17  SCV  
  53  5:22  Supply Depot  
  53  5:24  SCV  
  53  5:26  Marine x2  
  56  5:29  Orbital Command  
  56  5:40  Siege Tank  
  59  5:44  Marine x2  
  59  5:45  Missile Turret  
  59  5:48  SCV  
  62  5:54  Liberator  
  62  5:58  SCV  
  62  6:00  SCV  
  62  6:02  Marine x2  
  66  6:10  SCV  
  70  6:33  Supply Depot  
  70  6:34  Supply Depot, Siege Tank, Marine x2  
  75  6:41  Missile Turret  
  74  6:51  Missile Turret  
  74  6:52  Marine x2  
  76  6:58  Missile Turret  
  73  7:09  Marine x2  
  62  7:31  Marine x2  
  60  7:40  Siege Tank, Medivac  
  65  7:49  Marine x2  
  59  7:53  Liberator  
  59  7:57  SCV x2  
  60  8:07  Marine x2  
  60  8:09  SCV x2  
  57  8:21  SCV x2  
  57  8:25  Marine x2  
  60  8:33  SCV  
  61  8:37  Refinery  
  61  8:38  Refinery, Siege Tank  
  64  8:42  Marine  
  64  8:43  Command Center, Marine  
  66  9:00  Marine x2  
  47  9:15  Siege Tank  
  47  9:16  Starport Tech Lab  
  50  9:18  Marine x2  
  50  9:20  Missile Turret  
  50  9:36  Marine x2  
  50  9:37  Engineering Bay  
  52  9:43  Engineering Bay  
  52  9:45  SCV x2  
  53  9:54  Marine  
  53  9:56  Marine  
  53  9:57  SCV, Siege Tank  
  59  10:06  Engineering Bay  
  59  10:09  SCV x3  
  59  10:11  Marine  
  63  10:14  Marine  
  61  10:21  SCV x3  
  61  10:24  Factory  
  61  10:25  Barracks  
  64  10:29  Marine  
  64  10:33  SCV  
  62  10:38  Marine  
  56  10:47  Marine  
  55  10:51  SCV x2  
  55  10:56  Marine  
  57  10:58  Siege Tank  
  57  11:03  SCV x2  
  62  11:13  Factory Reactor  
  62  11:15  SCV x2  
  64  11:23  Barracks Tech Lab  
  64  11:27  SCV x2  
  64  11:28  Marine  
  64  11:29  Marine  
  68  11:38  Liberator  
  68  11:39  SCV  
  69  11:44  SCV x2  
  69  11:46  Marine x2  
  73  11:47  Siege Tank  
  73  11:51  SCV, Hellion x2, Marine  
  82  11:59  SCV  
  86  12:04  Refinery, Marine  
  86  12:06  SCV  
  86  12:07  Marine  
  90  12:09  Marine  
  90  12:11  SCV  
  90  12:12  Planetary Fortress  
  91  12:18  SCV  
  91  12:22  Marine  
  93  12:23  Terran Infantry Weapons Level 1  
  93  12:25  Marine  
  93  12:27  Marine  
  93  12:29  Hellion  
  97  12:31  Hellion  
  99  12:38  Raven  
  99  12:39  Marine  
  99  12:43  Marine  
  103  12:45  SCV x2, Marine  
  106  12:57  Marine  
  107  12:59  Missile Turret  
  107  13:00  Marine  
  107  13:03  Missile Turret, Marine  
  109  13:21  Supply Depot  
  109  13:42  Marine  
  109  13:43  Hellion x2, Siege Tank  
  117  14:00  Marine  
Tags
 
Add a new tag
Caveats
  • Supply blocks, unpowered buildings, or Contaminate may cause inaccurate times.
  • Supply counts are checked every 10 seconds.